AoeStats
← E-d-d-i-e91G

Lombardia

509294777Analyzed
2v2 RM · 7d ago on Sep 26, 2026· 106m 47s· 4 players
Game mode
Random Map
Map size
Medium (4 player)
Population
200
Speed
Normal
Resources
Standard
Victory
Conquest
Starting age
Dark Age
Ending age
Imperial Age
RankedLock teamsTeams togetherTeam positionsShared explorationLock speedFull tech treeHidden civsTurbo modeCheats
Victory
Defeat
🇧🇬 Poles · Bulgaria
483
+13
🇷🇺 Saracens · Russia
468
+14
🇦🇺 Celts · Australia
429
-14
🇦🇺 Cumans · Australia
405
-13
E-d-d-i-e91G
15:50 Feudal Age
27:39 Gold Mining
27:41 Stone Mining
28:34 Wheelbarrow
27:43 Horse Collar
27:52 Double-Bit Axe
28:04 Fletching
28:22 Scale Barding Armor
32:56 Castle Age
34:18 Gold Shaft Mining
33:43 Bodkin Arrow
33:51 Padded Archer Armor
35:22 Hand Cart
35:12 Heavy Plow
38:45 Bow Saw
40:10 Caravan
40:44 Coinage
43:10 Imperial Age
40:29 Town Watch
43:03 Steppe Husbandry
45:47 Crop Rotation
46:23 Two-Man Saw
44:57 Elite Kipchak
46:37 Cuman Mercenaries
47:32 Hoardings
50:22 Banking
50:05 Guilds
50:05 Town Patrol
52:44 Leather Archer Armor
53:36 Chemistry
52:57 Ballistics
52:49 Masonry
52:31 Heated Shot
56:45 Ring Archer Armor
56:38 Chain Barding Armor
56:32 Forging
68:26 Plate Barding Armor
68:28 Iron Casting
79:49 Onager
84:03 Bloodlines
83:15 Elite Steppe Lancer
94:19 Blast Furnace
IAMASTROMAN9714
8:50 Loom
12:42 Feudal Age
15:35 Double-Bit Axe
16:47 Man-at-Arms
18:09 Wheelbarrow
18:57 Horse Collar
20:06 Scale Mail Armor
24:27 Gold Mining
30:24 Castle Age
30:31 Castle Age
30:04 Scale Barding Armor
30:10 Forging
29:56 Arson
31:44 Hand Cart
31:23 Long Swordsman
31:50 Gambesons
33:51 Pikeman
36:03 Stone Mining
36:49 Gold Shaft Mining
36:59 Gold Shaft Mining
37:33 Caravan
37:36 Heavy Plow
37:43 Husbandry
38:06 Elite Skirmisher
41:05 Iron Casting
40:47 Chain Mail Armor
40:53 Chain Barding Armor
42:07 Bow Saw
42:35 Fervor
44:01 Light Cavalry
47:43 Imperial Age
52:32 Elite Woad Raider
52:54 Cavalier
54:41 Two-Handed Swordsman
59:26 Champion
60:39 Plate Mail Armor
61:20 Blast Furnace
69:51 Halberdier
70:28 Heavy Scorpion
72:07 Paladin
aleksbg02
0:45 Loom
12:54 Feudal Age
14:13 Wheelbarrow
13:28 Double-Bit Axe
13:31 Horse Collar
20:17 Scale Barding Armor
20:24 Forging
22:32 Castle Age
22:09 Bloodlines
23:29 Hand Cart
23:51 Heavy Plow
24:09 Bow Saw
26:02 Stone Mining
26:03 Gold Mining
26:13 Light Cavalry
26:54 Husbandry
28:46 Chain Barding Armor
29:02 Iron Casting
30:40 Caravan
37:13 Stone Shaft Mining
36:32 Gold Mining
39:17 Imperial Age
40:03 Masonry
39:33 Treadmill Crane
39:49 Murder Holes
40:04 Fortified Wall
40:23 Lechitic Legacy
41:39 Winged Hussar
43:24 Blast Furnace
42:25 Fletching
42:35 Padded Archer Armor
43:02 Ballistics
43:43 Chemistry
45:01 Crop Rotation
44:35 Bodkin Arrow
45:47 Leather Archer Armor
46:38 Conscription
46:54 Heavy Mounted Crossbowman
47:40 Thumb Ring
47:47 Thumb Ring
47:47 Bracer
49:09 Elite Skirmisher
50:48 Coinage
50:24 Arrowslits
52:04 Szlachta Privileges
51:21 Elite Obuch
53:42 Scale Mail Armor
57:00 Banking
58:46 Chain Mail Armor
58:35 Squires
58:20 Arson
58:13 Sappers
59:20 Hoardings
61:17 Plate Mail Armor
71:37 Cavalier
79:10 Crossbowman
81:50 Pikeman
86:14 Arbalester
96:59 Spies/Treason
Lyuboslav1
0:31 Loom
0:41 Loom
12:43 Feudal Age
15:05 Gold Mining
15:04 Horse Collar
15:14 Double-Bit Axe
26:10 Castle Age
28:50 Stone Mining
29:16 Bow Saw
29:08 Heavy Plow
29:08 Crossbowman
29:54 Thumb Ring
29:16 Elite Skirmisher
33:26 Caravan
41:27 Imperial Age
43:00 Hoardings
42:00 Elite Mameluke
43:59 Husbandry
44:09 Bloodlines
47:26 Two-Man Saw
48:44 Arbalester
49:49 Scale Barding Armor
49:58 Forging
49:40 Fletching
49:52 Padded Archer Armor
49:54 Scale Mail Armor
51:05 Chain Barding Armor
52:50 Iron Casting
52:12 Bodkin Arrow
56:17 Plate Barding Armor
56:48 Blast Furnace
56:04 Chain Mail Armor
61:30 Bracer
61:57 Leather Archer Armor
73:52 Ring Archer Armor
74:31 Chemistry
73:54 Ballistics
73:52 Masonry
73:49 Siege Engineers
74:13 Fortified Wall
83:21 Parthian Tactics
Connection lost

Rejoining the realm…

Still unreachable

The connection could not be restored.

Session expired

The server has moved on; the page needs a fresh start.